Map: Deathaura LE

Players

WannaBeByun

  • Race: Protoss Protoss
  • League: Master
  • Spawn Location: 5:00

zuka - Winner!

  • Race: Protoss Protoss
  • League: Master
  • Spawn Location: 11:00

VOD

Have the link to the VOD?

Description

Time

  • Played on: Oct. 31, 2020, 4:14 p.m.
  • Length: 15:50
Show
View Real Time Build Order
Export as new Build Order

WannaBeByun Protoss 

Build Orders:  

Get SALT Encoding   

  12  0:00  Probe  
  13  0:12  Probe  
  14  0:18  Pylon  
  14  0:24  Probe  
  15  0:37  Probe (Chrono Boost)  
  15  0:39  Gateway  
  16  0:43  Assimilator  
  16  0:49  Probe (Chrono Boost)  
  17  0:55  Probe (Chrono Boost)  
  18  0:57  Assimilator  
  18  1:07  Gateway  
  18  1:12  Probe (Chrono Boost)  
  19  1:24  Probe (Chrono Boost)  
  20  1:31  Cybernetics Core  
  20  1:33  Probe, Unknown  
  21  1:43  Pylon  
  21  1:46  Probe  
  22  2:00  Probe  
  23  2:07  Stalker x2  
  27  2:10  Warp Gate  
  27  2:15  Probe  
  28  2:27  Probe  
  29  2:43  Nexus  
  29  2:46  Sentry  
  31  2:55  Pylon  
  31  3:03  Pylon  
  31  3:13  Probe, Stalker (Chrono Boost)  
  31  3:17  Stalker (Chrono Boost)  
  36  3:28  Robotics Facility  
  36  3:32  Probe  
  37  3:37  Stalker  
  39  3:48  Stalker  
  41  3:50  Probe (Chrono Boost)  
  42  3:57  Twilight Council  
  42  3:59  Probe (Chrono Boost)  
  44  4:08  Probe (Chrono Boost)  
  44  4:09  Probe (Chrono Boost)  
  45  4:15  Probe (Chrono Boost)  
  42  4:26  Immortal  
  42  4:27  Probe x2 (Chrono Boost)  
  47  4:33  Probe (Chrono Boost)  
  47  4:35  Probe (Chrono Boost)  
  49  4:41  Blink  
  49  4:42  Probe  
  50  4:45  Probe  
  50  4:50  Gateway  
  51  4:54  Gateway  
  51  4:59  Probe (Chrono Boost)  
  53  5:03  Probe (Chrono Boost)  
  53  5:05  Observer  
  53  5:06  Assimilator  
  54  5:12  Probe (Chrono Boost)  
  54  5:13  Probe (Chrono Boost)  
  56  5:16  Assimilator  
  56  5:22  Pylon  
  56  5:27  Forge, Shield Battery  
  56  5:30  Immortal (Chrono Boost)  
  60  5:36  Probe  
  60  5:37  Probe  
  62  5:45  Stalker x2  
  66  5:51  Stalker  
  66  5:55  Stalker  
  70  6:09  Pylon  
  70  6:10  Pylon  
  70  6:18  Protoss Ground Weapons Level 1 (Chrono Boost)  
  70  6:27  Probe x2, Observer  
  70  6:28  Stalker x2  
  70  6:29  Stalker  
  70  6:31  Stalker  
  81  6:46  Nexus  
  81  6:51  Pylon  
  81  7:01  Pylon, Probe x2  
  81  7:23  Stalker  
  81  7:24  Stalker x3  
  88  7:35  Gateway  
  88  7:36  Gateway  
  88  7:37  Probe x2  
  90  7:40  Gateway  
  90  7:42  Pylon  
  90  7:48  Stalker x2  
  94  7:53  Warp Prism (Chrono Boost)  
  98  8:07  Probe x2 (Chrono Boost)  
  98  8:09  Probe (Chrono Boost)  
  99  8:13  Templar Archives  
  99  8:18  Stalker x2  
  105  8:20  Probe x2 (Chrono Boost)  
  105  8:26  Protoss Ground Weapons Level 2  
  105  8:38  Stalker x4  
  113  8:48  Gateway  
  113  8:49  Gateway  
  113  8:52  Probe x3  
  116  9:06  Pylon x3  
  104  9:37  High Templar x2  
  104  9:38  High Templar x3  
  106  9:39  High Templar  
  106  9:40  Stalker  
  106  9:42  Archon  
  106  9:43  Archon  
  106  9:44  Archon  
  113  9:45  Probe x3  
  113  9:49  Assimilator  
  113  9:50  Assimilator  
  113  9:52  Gateway  
  115  9:54  Gateway, Stalker x2  
  119  10:03  Probe  
  119  10:04  Probe x2  
  122  10:09  Photon Cannon  
  122  10:10  Photon Cannon  
  122  10:11  Pylon, Shield Battery, Photon Cannon  
  122  10:13  Observer  
  122  10:16  High Templar x2  
  122  10:17  High Templar x2  
  122  10:18  Stalker  
  122  10:19  Stalker  
  137  10:21  Archon  
  137  10:23  Archon  
  134  10:37  Stalker x2  
  134  10:40  Nexus  
  134  10:41  Pylon  
  138  11:00  Stalker x5  
  148  11:07  Pylon, Protoss Ground Weapons Level 3 (Chrono Boost)  
  148  11:08  Psionic Storm  
  148  11:15  Forge  
  148  11:19  Pylon  
  148  11:20  Stalker x2  
  148  11:21  Zealot  
  154  11:27  Zealot x2  
  154  11:29  Probe x2  
  160  11:33  Probe  
  160  11:41  Probe  
  121  12:03  Stalker x3  
  121  12:04  Stalker x5  
  121  12:05  Stalker  
  139  12:08  Probe (Chrono Boost)  
  139  12:09  Probe x2 (Chrono Boost)  
  139  12:10  Probe (Chrono Boost)  
  139  12:14  High Templar x2  
  147  12:18  Probe x2 (Chrono Boost), Archon  
  147  12:19  Probe x2 (Chrono Boost)  
  147  12:21  Charge  
  151  12:23  Probe x3 (Chrono Boost)  
  151  12:24  Assimilator  
  151  12:25  Assimilator  
  151  12:29  Protoss Ground Armor Level 1 (Chrono Boost)  
  154  12:35  Stalker  
  154  12:36  Stalker x3  
  162  12:39  Probe x3  
  165  12:45  Pylon  
  165  12:47  High Templar x2  
  169  13:00  High Templar x2  
  173  13:06  Pylon, Nexus  
  169  13:19  High Templar  
  171  13:20  High Templar  
  171  13:22  Stalker x4  
  171  13:24  Zealot x3  
  185  13:38  Stalker x2  
  185  13:47  Photon Cannon  
  185  13:48  Photon Cannon  
  185  13:49  Photon Cannon  
  185  13:51  Shield Battery  
  185  13:52  High Templar x2  
  185  13:53  High Templar  
  185  13:54  High Templar, Photon Cannon  
  193  13:56  Photon Cannon  
  193  13:57  Archon x2  
  193  14:00  Pylon  
  193  14:03  Assimilator x2, Stalker x2  
  193  14:04  Stalker  
  187  14:41  High Templar x4  
  187  14:42  Stalker x2  
  187  14:45  Archon  
  199  14:46  Archon  
  199  14:47  Observer  
  174  15:14  Stalker  
  174  15:15  Stalker x6  
  174  15:16  Stalker x4  
  152  15:40  Stalker  
  152  15:41  Stalker x5  
  134  15:43  Zealot x2  
  134  15:44  Zealot x2  
Show
View Real Time Build Order
Export as new Build Order

zuka Protoss - Winner!

Build Orders: Oracle Opening, Carriers 

Get SALT Encoding   

  12  0:00  Probe  
  13  0:12  Probe  
  14  0:17  Pylon  
  14  0:24  Probe (Chrono Boost)  
  16  0:36  Probe (Chrono Boost)  
  16  0:40  Gateway  
  16  0:41  Probe  
  16  0:47  Assimilator  
  17  0:53  Probe  
  18  0:59  Pylon  
  18  1:05  Probe  
  18  1:08  Assimilator  
  19  1:17  Probe (Chrono Boost)  
  20  1:28  Probe (Chrono Boost), Cybernetics Core  
  21  1:33  Probe (Chrono Boost)  
  21  1:36  Pylon  
  22  1:44  Probe  
  23  1:56  Probe  
  24  2:05  Nexus  
  24  2:10  Stalker (Chrono Boost)  
  26  2:24  Stargate  
  26  2:27  Warp Gate  
  26  2:33  Pylon  
  26  2:40  Stalker  
  28  2:45  Shield Battery  
  28  2:47  Probe  
  29  2:54  Pylon  
  29  3:09  Oracle (Chrono Boost)  
  32  3:16  Stalker  
  32  3:17  Probe  
  35  3:20  Shield Battery  
  35  3:23  Probe  
  36  3:30  Void Ray (Chrono Boost)  
  40  3:49  Robotics Facility  
  40  3:51  Probe x2  
  42  3:59  Shield Battery  
  42  4:14  Void Ray  
  42  4:16  Probe (Chrono Boost)  
  40  4:18  Pylon, Probe (Chrono Boost)  
  45  4:30  Probe (Chrono Boost)  
  47  4:33  Probe (Chrono Boost)  
  47  4:35  Probe (Chrono Boost)  
  47  4:36  Assimilator  
  47  4:37  Assimilator  
  48  4:39  Probe  
  48  4:43  Immortal (Chrono Boost)  
  53  4:45  Probe  
  53  4:51  Probe  
  55  4:55  Pylon  
  55  4:57  Probe  
  56  5:04  Probe  
  57  5:07  Void Ray  
  57  5:09  Shield Battery  
  57  5:14  Probe  
  62  5:15  Observer (Chrono Boost)  
  62  5:16  Probe  
  64  5:26  Pylon, Probe  
  65  5:28  Probe  
  65  5:33  Sentry  
  68  5:44  Immortal (Chrono Boost)  
  72  5:51  Pylon, Void Ray  
  76  5:59  Protoss Air Weapons Level 1  
  76  6:06  Nexus  
  77  6:15  Immortal (Chrono Boost)  
  80  6:20  Probe x2  
  83  6:32  Probe  
  83  6:33  Pylon  
  83  6:39  Fleet Beacon  
  83  6:51  Immortal  
  87  6:54  Probe x2  
  87  6:58  Stargate  
  89  7:03  Pylon  
  89  7:06  Pylon, Probe x2  
  89  7:24  Pylon  
  89  7:26  Probe  
  90  7:32  Shield Battery  
  90  7:35  Immortal, Shield Battery  
  95  7:39  Probe  
  95  7:40  Probe  
  95  7:42  Carrier (Chrono Boost)  
  103  7:51  Probe  
  109  7:59  Probe x2  
  109  8:02  Carrier (Chrono Boost)  
  109  8:03  Probe  
  112  8:11  Probe x2  
  114  8:12  Shield Battery  
  114  8:14  Shield Battery  
  114  8:19  Pylon  
  114  8:25  Probe  
  115  8:28  Forge  
  115  8:37  Carrier (Chrono Boost)  
  115  8:39  Probe x2, Shield Battery  
  123  8:42  Shield Battery  
  123  8:48  Shield Battery  
  123  8:54  Pylon  
  123  8:57  Pylon  
  123  9:08  Assimilator  
  123  9:10  Assimilator  
  123  9:12  Probe x2, Immortal  
  129  9:21  Protoss Air Weapons Level 2  
  129  9:26  Photon Cannon  
  129  9:28  Stalker  
  129  9:29  Probe  
  125  9:41  Pylon  
  125  9:42  Pylon  
  125  9:44  Pylon  
  124  9:54  Probe  
  124  9:58  Carrier (Chrono Boost)  
  124  9:59  Probe x2  
  133  10:06  Probe  
  140  10:08  Carrier (Chrono Boost)  
  140  10:12  Stalker  
  144  10:14  Immortal (Chrono Boost)  
  148  10:22  Pylon x2  
  146  10:43  Gateway  
  146  10:44  Gateway  
  146  10:46  Immortal  
  150  10:52  Carrier (Chrono Boost)  
  150  10:56  Nexus  
  156  10:57  Pylon  
  156  11:04  Carrier (Chrono Boost)  
  156  11:06  Probe  
  163  11:16  Stargate  
  163  11:18  Pylon  
  163  11:37  Pylon  
  162  11:46  Pylon  
  142  11:59  Probe x3  
  141  12:06  Carrier (Chrono Boost)  
  153  12:10  Nexus, Immortal  
  153  12:14  Carrier x2 (Chrono Boost)  
  153  12:15  Probe x2  
  165  12:18  Assimilator  
  165  12:21  Assimilator  
  165  12:30  Cybernetics Core  
  165  12:37  Protoss Air Weapons Level 3 (Chrono Boost)  
  165  12:50  Mothership (Chrono Boost)  
  166  12:52  Pylon  
  169  13:17  Stalker x2  
  169  13:18  Adept  
  175  13:22  Photon Cannon x2  
  175  13:25  Photon Cannon  
  175  13:26  Photon Cannon  
  174  13:28  Photon Cannon  
  169  13:34  Carrier (Chrono Boost)  
  169  13:35  Carrier (Chrono Boost)  
  169  13:37  Photon Cannon  
  169  13:38  Pylon  
  180  14:02  Carrier (Chrono Boost)  
  184  14:27  Carrier  
  196  14:55  Immortal  
  196  14:57  Gateway  
  200  15:01  Gateway  
  199  15:18  Stalker x3  
Tags
 
Composition
Carriers
Matchup
PvP
Spawn Locations
Cross Positions
Add a new tag
Caveats
  • Supply blocks, unpowered buildings, or Contaminate may cause inaccurate times.
  • Supply counts are checked every 10 seconds.